 Dungeon Crawl Stone Soup version 0.27.1-33-g824d729ab1 (webtiles) character file.

Game seed: 5710094334667981933

2188 snilloc10 the Spear-Bearer (level 9, -4/78 HPs)
             Began as a Minotaur Gladiator on Nov 29, 2021.
             Slain by Maggie (19 damage)
             ... on level 6 of the Dungeon on Dec 2, 2021.
             The game lasted 00:23:20 (7344 turns).

snilloc10 the Spear-Bearer (Minotaur Gladiator)     Turns: 7344, Time: 00:23:21

Health: -4/78      AC:  9    Str: 21    XL:     9   Next: 12%
Magic:  8/8        EV: 10    Int:  5    God:
Gold:   264        SH:  0    Dex: 13    Spells: 8/8 levels left

rFire    . . .     SeeInvis .   a - +0 trident
rCold    . . .     Faith    .   (no shield)
rNeg     . . .     Spirit   .   p - +0 chain mail
rPois    .         Reflect  .   c - +0 hat
rElec    .         Harm     .   (no cloak)
rCorr    .         Rampage  .   (no gloves)
Will     .....                  (no boots)
Stlth    ..........             (no amulet)
HPRegen  0.23/turn              (no ring)
MPRegen  0.11/turn              (no ring)

@: mesmerised
A: horns 2, retaliatory headbutt
a: no special abilities


You were on level 6 of the Dungeon.
You visited 1 branch of the dungeon, and saw 6 of its levels.

You collected 394 gold pieces.
You spent 130 gold pieces at shops.

Inventory:

Hand Weapons
 a - a +0 trident (weapon)
 e - a +0 shortbow
 q - a +2 dagger of venom
 u - a +1 dagger of draining
Missiles
 d - 2 throwing nets
 m - 4 atropa-tipped darts (quivered)
 o - 69 arrows
Armour
 b - a +0 leather armour
 c - a +0 hat (worn)
 f - a +0 chain mail
 p - a +0 chain mail (worn)
Jewellery
 B - a ring of resist corrosion
 C - an amulet of faith
Wands
 A - a wand of flame (12)
Scrolls
 j - a scroll of fear
 k - a scroll of noise {unknown}
 l - 6 scrolls of teleportation
 n - a scroll of fog
 r - a scroll of vulnerability {unknown}
 v - a scroll of amnesia {unknown}
 y - a scroll of blinking {unknown}
Potions
 g - a potion of attraction
 h - 3 potions of curing
 i - a potion of heal wounds
 s - a potion of brilliance {unknown}
 t - a potion of magic
 w - a potion of degeneration
 x - a potion of might {unknown}
 z - a potion of lignification {unknown}


   Skills:
 * Level 6.6 Fighting
 - Level 9.2 Polearms
 - Level 2.0 Throwing
 + Level 4.1 Armour
 + Level 7.5 Dodging
 + Level 3.4 Stealth
 + Level 0.2 Evocations


You had 8 spell levels left.
You didn't know any spells.
Your spell library contained the following spells:

 Spells                   Type           Power      Damage    Failure   Level
 Magic Dart               Conj           0%         1d3       99%         1
 Sandblast                Erth           0%         2d4       99%         1
 Passwall                 Tmut/Erth      0%         N/A       100%        2
 Searing Ray              Conj           0%         3d3       100%        2
 Frozen Ramparts          Ice            0%         1d2       100%        3
 Fulminant Prism          Conj/Hex       0%         3d6       100%        4
 Ice Form                 Ice/Tmut       0%         N/A       100%        4
 Summon Ice Beast         Ice/Summ       0%         N/A       100%        4
 Lee's Rapid Deconstruct  Erth           0%         3d5*      100%        5


Dungeon Overview and Level Annotations

Branches:
Dungeon (6/15)
 Temple: D:4-7

Altars:
Ashenzari
Cheibriados
Makhleb
Trog
Uskayaw
Xom
Yredelemnul
Zin
The Shining One

Shops:
D:4 *[:[(

Annotations:
D:4 1 runed translucent door
D:6 Maggie


Innate Abilities, Weirdness & Mutations

You have a pair of horns on your head.
You reflexively headbutt those who attack you in melee.


Message History

Maggie attempts to bespell you!
You are mesmerised by Maggie!
Maggie hits you with a +2 scimitar of electrocution.
You hit Maggie but do no damage.
Maggie mumbles some strange words.
Maggie draws you further into her thrall.
You barely miss Maggie.
Maggie hits you with a +2 scimitar of electrocution.
You hit Maggie.
Maggie is lightly wounded.
You barely miss Maggie.
Maggie is lightly wounded.
Maggie hits you with a +2 scimitar of electrocution.
You barely miss Maggie.
Maggie is lightly wounded.
Maggie mumbles some strange words.
Maggie draws you further into her thrall.
You barely miss Maggie.
Maggie is lightly wounded.
Maggie hits you but does no damage.
You puncture Maggie!
Maggie is lightly wounded.
Maggie hits you with a +2 scimitar of electrocution!
You hit Maggie.
Maggie is moderately wounded.
You hit Maggie but do no damage.
Maggie is moderately wounded.
Maggie hits you with a +2 scimitar of electrocution!
You are electrocuted!
You closely miss Maggie. You headbutt Maggie, but do no damage.
Maggie is moderately wounded.
Maggie points at you and mumbles some strange words.
The bolt of fire hits you!
* * * LOW HITPOINT WARNING * * *
You hit Maggie.
Maggie is moderately wounded.
Maggie hits you with a +2 scimitar of electrocution.
* * * LOW HITPOINT WARNING * * *
You are electrocuted!!
You die...

#.# #.)))))......# #.
......#)###.#####.#
######...##.# ##.#.
#####..##.###.### ##
..##..##.##.## #
#..######>##.....#.##
........#.##...####.## #
#..............####..###
......@@..............#.
#.#######.#.#...........
#.#.##.####..###
#.#.##.# #..# #.#.##.#
#..# #.#.##.####..#
#####....#.##.#..# #
#........#.#.#...###
#<#####..#..# #.....


You could see Maggie (mesmerising).

Vanquished Creatures
  The ghost of Kay the Cudgeller, an amateur DsBe of Trog (D:4)
  Grinder (D:5)
  A black bear (D:5)
  An ice beast (D:4)
  3 necrophages
  An orc warrior (D:6)
  2 centaurs
  An ogre (D:4)
  Blork the orc (D:4)
  A kobold brigand (D:6)
  A wyvern zombie (D:6)
  3 scorpions
  A centaur zombie (D:3)
  A centaur skeleton (D:4)
  3 hounds
  Jessica (D:2)
  5 iguanas
  4 orc wizards
  A hound skeleton (D:4)
  6 adders
  6 gnolls
  A white imp (D:5)
  An ufetubus (D:6)
  2 worms
  A dart slug (D:5)
  17 orcs
  5 ball pythons
  5 endoplasms
  4 giant cockroaches
  10 goblins
  5 hobgoblins
  4 jackals (D:4)
  2 quokkas
  6 bats
  2 frilled lizards (D:2)
  8 kobolds
  5 rats
123 creatures vanquished.

Notes
Turn   | Place    | Note
-------+----------+-------------------------------------------
     0 | D:1      | snilloc10 the Minotaur Gladiator began the quest for the
                  | Orb.
     0 | D:1      | Reached XP level 1. HP: 18/18 MP: 0/0
   162 | D:1      | Reached skill level 4 in Polearms
   162 | D:1      | Reached XP level 2. HP: 24/25 MP: 1/1
   750 | D:1      | Reached XP level 3. HP: 30/30 MP: 2/2
  1041 | D:2      | Reached skill level 5 in Polearms
  1097 | D:2      | Found a bloodstained altar of Trog.
  1215 | D:2      | Reached XP level 4. HP: 14/37 MP: 3/3
  1611 | D:2      | Noticed Jessica
  1614 | D:2      | Killed Jessica
  2058 | D:3      | Reached skill level 6 in Polearms
  2058 | D:3      | Reached XP level 5. HP: 40/42 MP: 4/4
  2127 | D:3      | Found a glowing golden altar of the Shining One.
  2911 | D:4      | Noticed an ice beast
  2919 | D:4      | Killed an ice beast
  2920 | D:4      | Reached skill level 5 in Dodging
  2927 | D:4      | Noticed an ogre
  2933 | D:4      | Killed an ogre
  2934 | D:4      | Reached skill level 7 in Polearms
  2934 | D:4      | Reached XP level 6. HP: 17/50 MP: 5/5
  3185 | D:4      | Found Ybarim's Antique Armour Boutique.
  3209 | D:4      | Reached skill level 8 in Polearms
  3216 | D:4      | Bought a chain mail for 130 gold pieces
  3318 | D:4      | Found Fowkoen's Book Boutique.
  3392 | D:4      | Reached XP level 7. HP: 41/56 MP: 6/6
  3520 | D:4      | Found Casalec's Assorted Antiques.
  3547 | D:4      | Reached skill level 1 in Stealth
  3642 | D:4      | Found Kaho's Armour Boutique.
  3693 | D:4      | Noticed Blork the orc
  3701 | D:4      | Killed Blork the orc
  4018 | D:4      | Found a runed translucent door.
  4019 | D:4      | Noticed Kay's ghost (amateur DsBe)
  4186 | D:4      | Found Jecliop's Antique Weapon Emporium.
  4288 | D:4      | Found a runed translucent door.
  4323 | D:4      | Killed Kay's ghost
  4324 | D:4      | Reached skill level 9 in Polearms
  4613 | D:5      | Entered Level 5 of the Dungeon
  4658 | D:5      | Reached XP level 8. HP: 56/62 MP: 7/7
  4713 | D:5      | Reached skill level 1 in Armour
  4746 | D:5      | Noticed Grinder
  4748 | D:5      | Paralysed by Grinder for 7 turns
  4765 | D:5      | Paralysed by Grinder for 3 turns
  4776 | D:5      | Killed Grinder
  4780 | D:5      | HP: 2/66 [iguana (11)]
  5576 | D:5      | Reached skill level 5 in Fighting
  5782 | D:5      | Found a hide-covered altar of Uskayaw.
  6465 | D:6      | Found a burning altar of Makhleb.
  6466 | D:6      | Found a basalt altar of Yredelemnul.
  6466 | D:6      | Found a bloodstained altar of Trog.
  6468 | D:6      | Found a shimmering altar of Xom.
  6469 | D:6      | Found a glowing silver altar of Zin.
  6526 | D:6      | Found a snail-covered altar of Cheibriados.
  6834 | D:6      | Reached XP level 9. HP: 71/75 MP: 8/8
  7095 | D:6      | Found a broken altar of Ashenzari.
  7329 | D:6      | Noticed Maggie
  7344 | D:6      | Slain by Maggie

Illustrated notes

Levels and vault maps discovered:
D:1:      dpeg_arrival_subterranean_lakeside_camping, layout_loops_corners
D:2:      layout_basic, basic_altar, minmay_tromino_mix6, uniq_jessica
D:3:      layout_basic, amcnicky_altar_gilded
D:4:      layout_basic, ebering_ghost_sewer_f, serial_shops,
          nicolae_stop_n_shop_1, shop, nicolae_diamond_shop,
          kennysheep_mini_moat, shop, uniq_blork_the_orc
D:5:      layout_loops_cross, kennysheep_mini, uniq_grinder
D:6:      layout_loops_ring, mainiacjoe_overflow_catwalk,
          grunt_temple_overflow_open, mainiacjoe_overflow_alcove_4, uniq_maggie

Skill      XL: |  1  2  3  4  5  6  7  8  9 |
---------------+----------------------------+-----
Polearms       | 4 5 6 7 8 9 |  9.2
Dodging        | 4 5 6 7 |  7.5
Stealth        | 2 3 |  3.4
Fighting       | 6 |  6.6
Armour         | 3 4 |  4.1
Throwing       | |  2.0
Evocations     | |  0.2

Action                   |  1- 3 |  4- 6 |  7- 9 || total
-------------------------+-------+-------+-------++-------
Melee: Trident           |    83 |    72 |   248 ||   403
       Headbutt          |    10 |     8 |    42 ||    60
 Fire: Shortbow          |       |       |     4 ||     4
Throw: Throwing net      |     1 |     1 |       ||     2
       Dart              |       |    12 |     5 ||    17
  Use: Scroll            |       |     7 |     2 ||     9
       Potion            |       |       |     1 ||     1
 Stab: Invisible         |       |     3 |     1 ||     4
Armor: Leather armour    |     1 |       |       ||     1
       Chain mail        |    27 |    33 |    74 ||   134
Dodge: Dodged            |    28 |    33 |    65 ||   126
